Workbook

Sheet How to complete BCC
A1: This excel sheet should be read together with the guidance notes which give more detailed information and practical examples. It is developed for INTERNATIONAL trials where a Belgian site is acting as the Belgian Coordinating Centre (BCC) for all participating sites in Belgium - In case the spnosr is located in Belgium, the standard KCE budget tool template should be used, Note that cells with data in green contain formulas and should not be changed as they automatically calculate a total based on data entered in other cells (yellow cells).
A2: 0 Tab study parameters - Cells in yellow should be completed to the specifications of your trial - These data are the linked to formulas in the other tabs. Do not remove or add lines in this tab
A3: 0 Tab budget parameters - This tab contains the costs for the personnel involved in the trial based on KCE report 178 https://kce.fgov.be/publication/report/manual-for-cost-based-pricing-of-hospital-interventions. - These value should not be changed without the prior agreement of KCE Trials
A4: 0 Tab overall costs - This tab needs to be completed with the estimated budget for the whole trial. For some of the activities, KCE has proposed a fixed amount based on the above mentioned rates and real time estimations - In the case of a fixed amount (FX) the margin is already included - overhead only applies to FX if not outsourced
A5: 0 Tab site costs - This tab needs to be completed with the estimated budget per study visit for the sites (which should be consistent with the table of trial visits and procedures in the protocol) - It should be made study specific - There are no links between this tab and the overall cost tab
A7: grey shaded cells need to be completed in case a budget is received from the international sponsor to carry out the task This can be eg. part of the investigator fee or support for monitoring
A10: Copyright © 2022 by KCE Trials. All rights reserved. The budget tool and guidelines are developed by KCE Trials. If you wish to use this budget tool outside the KCE Trials Programme, you should contact trials@kce.fgov.be. Tell us how and why you wish to use the tool. Please include your contact details: name, institution/company, address, telephone number, and email.

Sheet Study Parameters BCC
A1: KCE Trial | B1: =B7 -> KCE number | D1: =B11 -> DD/MM/YYYY
A2: Note that the information in this sheet should reflect the most recent version of the protocol - in case of discrepancies, the protocol will prevail
A3: Study Parameters
A5: Study Title
A7: KCE Reference | B7: KCE number | D7: (assigned when selected)
A9: Protocol version
A11: Budget version date | B11: DD/MM/YYYY
A13: Number of participants | B13: Number of participants screened
B14: Number of participants randomised
B15: Number of participants completing
A17: Number of visits per subject
A19: Number of sites
A20: Trial with GPs | D20: (select from list)
A21: Trial with - IMP (Investigational Medicinal Product) or MD (Medical Device) if not prescription based - Non standard of care local lab analysis/imaging/technical assessments | D21: (select from list)
A22: Trial subject to Clinical Trial Regulation (or pilot CTR) | D22: (select from list)
D24: Actual Date
A25: Study timelines | B25: FPI (First Participant In)
B26: LPI (Last Participant In)
B27: LPLV (Last Participant Last Visit)
B28: DBL (Data Base Lock)
B29: CSR (Clinical Study Report)
B30: Total duration of the project FPI to CSR (in months): | D30: =(D29-D25)/30.5 -> 0
B31: Total duration of the project where monitoring is needed FPI to DBL (in months): | D31: =(D28-D25)/30.5 -> 0
B32: Total duration of the project (in years) | D32: =(D29-D25)/365 -> 0
B33: Recruitment period (in months) | D33: =(D26-D25)/30.5 -> 0
A34: Monitoring | B34: Planned number of on-site monitoring visits per site (for the total duration of the study)
B35: Planned number of remote monitoring contacts per site (for the total duration of the study) | D35: =(D31/3)-D34 -> 0
A38: Expected number of SUSARs requiring expedited reporting by the BCC
A42: cells in yellow are to be completed

Sheet drop down list
A1: GPs | B1: yes
A2: GPs | B2: no
A3: CTR | B3: yes
A4: CTR | B4: no
A5: IMP/MD/Training | B5: yes
A6: IMP/MD/Training | B6: no

Sheet Budget Parameters BCC
A1: KCE Trial | C1: ='Study Parameters BCC'!B7 -> KCE number | E1: ='Study Parameters BCC'!B11 -> DD/MM/YYYY
A2: Scroll down for indication for budget for Project Management, Pharmacy Fees and Lab fees
A3: Budget Parameters
A5: Study team involved
A6: Position | B6: Hourly rate basis index 01/04/2020 | C6: Indexed (01/06/2022)
A7: PM | B7: 52 | C7: =B7*$C$25 -> 56.2848 | D7: Project Manager
A8: CRA | B8: 52 | C8: =B8*$C$25 -> 56.2848 | D8: Clinical Research Associate
A9: CI | B9: 104 | C9: =B9*$C$25 -> 112.5696 | D9: Chief Investigator
A10: Co CI | B10: 83.2 | C10: =B10*$C$25 -> 90.05568 | D10: Co-Chief Investigator
A11: CTA | B11: 36.4 | C11: =B11*$C$25 -> 39.39936 | D11: Clinical Trial Administrator
A12: Auditor | B12: 57.2 | C12: =B12*$C$25 -> 61.91328 | D12: Auditor
A13: STAT | B13: 62.4 | C13: =B13*$C$25 -> 67.54176 | D13: Statistician
A14: DM | B14: 52 | C14: =B14*$C$25 -> 56.2848 | D14: Data Manager
A15: SN | B15: 41.6 | C15: 50.19 | D15: Study Nurse
A16: HE | B16: 62.4 | C16: =B16*$C$25 -> 67.54176 | D16: Health Economist
A17: PI | B17: 104 | C17: =B17*$C$25 -> 112.5696 | D17: Principal Investigator
A18: Pharm | B18: 62.4 | C18: =B18*$C$25 -> 67.54176 | D18: Pharmacist
A19: PI nonMD | B19: 83.2 | C19: =B19*$C$25 -> 90.05568 | D19: Principal Investigator non MD
A20: Add other roles if relevant
A21: Other budget relevant info
A22: Margin (in %) if applicable: | C22: 0.1
A23: Overhead (in %) if applicable: | C23: 0.17
A24: VAT (in %) if applicable | C24: 0.21
A25: Index | C25: 1.0824
B27: basis 01/04/2020 | C27: Indexed (01/06/2022)
A28: Start-Up | B28: 1040 | C28: =B28*$C$25 -> 1125.696 | D28: per site | E28: this is an example for medium complexity study in a hospital setting to be adapted according to training requirement, team involved
A29: Archiving | B29: 260 | C29: =B29*$C$25 -> 281.424 | D29: per box | E29: 1 box per site depending on number of patients
A30: Transportation fee | B30: 68 | C30: =B30*$C$25 -> 73.6032 | E30: fee to cover transportation costs for monitoring visits, inlcudes any margin - overhead not applicable
A32: How to calculate the PM time
A34: International trials 0,1 FTE | B34: 0.01 | C34: per site
A35: To be increased with 0,0125 per site | D35: Example for international trial with 5 sites | E35: Example for basic trial with 10 sites
A36: Total FTE planned for line 9a | D36: =0.1+(5*B34) -> 0.15 | E36: =0.1+(10*B34) -> 0.2
A39: The above calculation takes into account the active study period; for long term extension this should be devided by 2
C41: basis 01/04/2020 | E41: indexed (01/06/2022)
A42: KCE approved fees for pharmacy activities in clincial trials - to be used for site costs calculation if applicable | C42: transit | D42: at pharmacy | E42: transit | F42: at pharmacy
A43: start-up fee (includes reading protocol, setting up file, review contract, initiation and close out) - FIX no margin | C43: =364 -> 364 | D43: 520 | E43: =C43*$C$25 -> 393.9936 | F43: =D43*$C$25 -> 562.848
A44: yearly fee (to be calculated for every 12 months after initiation visit, not calendar based, includes time for follow-up and maintenance of the file, monitoring and storage of returned medication if applicable) - FIX no margin | C44: 208 | D44: 312 | E44: =C44*$C$25 -> 225.1392 | F44: =D44*$C$25 -> 337.7088
A45: storage yearly fee (to be calculated for every 12 months after initiation visit, not calendar based) - FIX no margin | C45: 0 | D45: 68 | E45: =C45*$C$25 -> 0 | F45: =D45*$C$25 -> 73.6032
A46: reception, check (transfer delivery if appl) - - FIX no margin | C46: 52 | D46: 52 | E46: =C46*$C$25 -> 56.2848 | F46: =D46*$C$25 -> 56.2848
A47: preparation medication | D47: per protocol | F47: per protocol
A48: individual delivery (medication / co-medication) | C48: 0 | D48: 16 | E48: =C48*$C$25 -> 0 | F48: =D48*$C$25 -> 17.3184
A49: individual delivery (medication / co-medication), + labelling if applicable | C49: 0 | D49: 21 | E49: =C49*$C$25 -> 0 | F49: =D49*$C$25 -> 22.7304
A50: extra labelling if per batch and not per individual delivery - - FIX no margin | C50: 104 | D50: 104 | E50: =C50*$C$25 -> 112.5696 | F50: =D50*$C$25 -> 112.5696
A52: KCE approved fees for laboratory activities in clincial trials - to be used for site costs calculation if applicable | C52: by lab/site
A53: start-up fee (includes reading protocol, setting up file, review contract, initiation and close out) - FIX no margin | C53: 364 | E53: =C53*$C$25 -> 393.9936
A54: Blood sampling and sending to lab for central analysis | C54: 21 | E54: =C54*$C$25 -> 22.7304
A55: Blood sampling, processing and sending to lab for central analysis | C55: 32 | E55: =C55*$C$25 -> 34.6368
A56: Storage yearly fee (to be calculated for every 12 months after initiation visit, not calendar based) - FIX no margin | C56: 78 | E56: =C56*$C$25 -> 84.4272
A57: If separate batches to be sent to central lab (cost per batch) | C57: 26 | E57: =C57*$C$25 -> 28.1424
A60: fixed amounts in overall costs
B61: basis (01/04/2020 index) | C61: indexed
A62: Protocol development 1 | B62: 25000 | C62: =B62*$C$25 -> 27060
A63: Protocol development 2 | B63: 40000 | C63: =B63*$C$25 -> 43296
A64: Protocol development 3 | B64: 50000 | C64: =B64*$C$25 -> 54120
A65: Protocol development 4 | B65: 60000 | C65: =B65*$C$25 -> 64944
A66: Feasibility Visit when IMP/lab/external services involved - on site | B66: 1040 | C66: =B66*$C$25 -> 1125.696
A67: Feasibility Visit with no involvement of external services or non-hospital setting - on site | B67: 780 | C67: =B67*$C$25 -> 844.272
A68: Feasibility Visit when IMP/lab/external services involved - remote | B68: 260 | C68: =B68*$C$25 -> 281.424
A69: Feasibility Visit with no involvement of external services or non-hospital setting - remote | B69: 156 | C69: =B69*$C$25 -> 168.8544
A70: Collaborator/site contracts (set-up, negotiation and finalisation) in hospital/institutional setting or collaborator with tender required | B70: 1040 | C70: =B70*$C$25 -> 1125.696
A71: Collaborator/site contracts (set-up, negotiation and finalisation) for collaborator if no tender required | B71: 520 | C71: =B71*$C$25 -> 562.848
A72: Collaborator/site contracts (set-up, negotiation and finalisation) in non-hopsital setting | B72: 208 | C72: =B72*$C$25 -> 225.1392
A73: Initial submission EC/Competent Authorities if CTR and complexity >3 | B73: 6240 | C73: =B73*$C$25 -> 6754.176
... A85: QA Systems audit | B85: 2500 | C85: =B85*$C$25 -> 2706
C86: =B86*$C$25 -> 0
A87: TMF Preparation | B87: 2080 | C87: =B87*$C$25 -> 2251.392
C88: =B88*$C$25 -> 0
A89: SUSAR reporting | B89: 416 | C89: =B89*$C$25 -> 450.2784
A90: DSMB meetings | B90: 2600 | C90: =B90*$C$25 -> 2814.24
C91: =B91*$C$25 -> 0
A92: Database Set-Up - pilots | B92: 25000 | C92: =B92*$C$25 -> 27060
A93: Database Set-Up - complexity 2-3 | B93: 50000 | C93: =B93*$C$25 -> 54120
A94: Database Set-Up - complexity 4 | B94: 75000 | C94: =B94*$C$25 -> 81180
A95: Additional Platforms to be integrated into eCRF | B95: 5000 | C95: =B95*$C$25 -> 5412
A96: Hosting database | B96: 2000 | C96: =B96*$C$25 -> 2164.8
A97: Data linkage | B97: 26000 | C97: =B97*$C$25 -> 28142.4
A98: Statistical analysis plan, randomisation and statistical programming | B98: 10400 | C98: =B98*$C$25 -> 11256.96
A99: Generation of tables and listings, Statistical analysis and report, Clinical Study Report if not pilot | B99: 31200 | C99: =B99*$C$25 -> 33770.88
A100: Generation of tables and listings, Statistical analysis and report, Clinical Study Report if pilot | B100: 15600 | C100: =B100*$C$25 -> 16885.44
A101: Supplementary Database lock / Analysis of Long Term Follow-Up/Report | B101: 10400 | C101: =B101*$C$25 -> 11256.96
A102: Publication, incl revision | B102: 10400 | C102: =B102*$C$25 -> 11256.96
A103: Publication of the protocol | B103: 2000 | C103: =B103*$C$25 -> 2164.8
... A111: PPI TSC | B111: 208 | C111: =B111*$C$25 -> 225.1392

Sheet Overall Cost BCC
C1: Units | D1: No. of units | E1: Team member | F1: Unit cost (call 2021 - 01/04/2020) | G1: Unit costs indexed (call 2022) | H1: Cost (EURO) | I1: Margin incl | J1: Overhead incl | K1: Comments, typical values as guidance
A2: KCE Trial - BCC | C2: ='Study Parameters BCC'!B7 -> KCE number | K2: ='Study Parameters BCC'!D1 -> DD/MM/YYYY
A3: 1 | B3: Project Design and Set up
B4: budget received from international sponsor for this section | J4: 0
A5: 1a | B5: • Clinical Study Protocol incl stats, economic input, any rework, meetings • Participant Information and Consent including translations • Budget calculation • KCE contract negotiation • Amendments • Delivery of risk assessment plan and monitoring plan | E5: FX | F5: 8000 | G5: =F5*'Budget Parameters BCC'!$C$25 -> 8659.2 | H5: =G5 -> 8659.2 | I5: =H5 -> 8659.2 | J5: =I5+(I5*'Budget Parameters BCC'!$C$23) -> 10131.264 | K5: adjust protocol to BE where applicable - adapt ICF to BE
A6: 1b | B6: Site selection including on site feasibility assessment/visit | D6: ='Study Parameters BCC'!C19*0.5 -> 0 | E6: FX | F6: =IF('Study Parameters BCC'!C20="yes",780,IF('Study Parameters BCC'!C21="yes",1040,780)) -> 780 | G6: =F6*'Budget Parameters BCC'!$C$25 -> 844.272 | H6: =G6*D6 -> 0 | I6: =H6 -> 0 | J6: =I6+(I6*'Budget Parameters BCC'!$C$23) -> 0 | K6: depending on involvement of external services and study setting
A7: 1c | B7: Site selection including remote feasibility assessment | D7: ='Study Parameters BCC'!C19*0.5 -> 0 | E7: FX | F7: =IF('Study Parameters BCC'!C20="yes",156,IF('Study Parameters BCC'!C21="yes",260,156)) -> 156 | G7: =F7*'Budget Parameters BCC'!$C$25 -> 168.8544 | H7: =G7*D7 -> 0 | I7: =H7 -> 0 | J7: =I7+(I7*'Budget Parameters BCC'!$C$23) -> 0 | K7: depending on involvement of external services and study setting
A8: 1d | B8: Collaborator/site contracts (set-up, negotiation and finalisation) | D8: ='Study Parameters BCC'!C19 -> 0 | E8: FX | F8: =IF('Study Parameters BCC'!C20="yes",208,IF('Study Parameters BCC'!C21="yes",1040,520)) -> 520 | G8: =F8*'Budget Parameters BCC'!$C$25 -> 562.848 | H8: =G8*D8 -> 0 | I8: =H8 -> 0 | J8: =I8+(I8*'Budget Parameters BCC'!$C$23) -> 0 | K8: 1125,70 €/collaborator/site - 225,14€/site if GPs or non-hospital setting - 562,85€/collaborator if no tender required adjust formula if needed
A9: SUM | H9: =SUM(H5:H8) -> 8659.2 | I9: =SUM(I5:I8) -> 8659.2 | J9: =SUM(J4:J8) -> 10131.264
A10: 2 | B10: Regulatory and Ethics Review
B11: budget received from international sponsor for this section | J11: 0
A12: 2a | B12: Initial Leading Ethics Committee submission/Competent Authorities (CTR if applicable) | D12: 1 | E12: FX | F12: 2080 | G12: =F12*'Budget Parameters BCC'!$C$25 -> 2251.392 | H12: =G12 -> 2251.392 | I12: =H12 -> 2251.392 | J12: =I12+(I12*'Budget Parameters BCC'!$C$23) -> 2634.1286 | K12: 2251,39 € for initial submission
A13: 2b | B13: Initial non-leading Ethics Committee submission/written statement | D13: ='Study Parameters BCC'!C19-1 -> -1 | E13: FX | F13: =IF('Study Parameters BCC'!C20="yes",104,(IF(('Study Parameters BCC'!C22="yes"),260,520))) -> 520 | G13: =F13*'Budget Parameters BCC'!$C$25 -> 562.848 | H13: =G13*D13 -> -562.848 | I13: =H13 -> -562.848 | J13: =I13+(I13*'Budget Parameters BCC'!$C$23) -> -658.53216 | K13: depending on CTR and study setting
A14: 2c | B14: Communication with EC and authorities during the Project | D14: ='Study Parameters BCC'!$D$32 -> 0 | E14: FX | F14: 1040 | G14: =F14*'Budget Parameters BCC'!$C$25 -> 1125.696 | H14: =G14*D14 -> 0 | I14: =H14 -> 0 | J14: =I14+(I14*'Budget Parameters BCC'!$C$23) -> 0 | K14: 1125,7 €/yr
A15: 2d | B15: Subject Insurance | I15: =H15 -> 0 | J15: =H15 -> 0
A16: SUM | H16: =SUM(H12:H15) -> 1688.544 | I16: =SUM(I12:I15) -> 1688.544 | J16: =SUM(J12:J15) -> 1975.5965
A17: 3 | B17: Monitoring | K17: adjust according to agreed delegation with sponsor
B18: budget received from international sponsor for this section | J18: 0
A19: 3a | B19: Study Training - CRAs | C19: hours | D19: =16 -> 16 | E19: CRA | F19: =VLOOKUP(E19,'Budget Parameters BCC'!$A$7:$B$19,2,FALSE) -> 52 | G19: =F19*'Budget Parameters BCC'!$C$25 -> 56.2848 | H19: =D19*FG9 -> 0 | I19: =H19+(H19*'Budget Parameters BCC'!$C$22) -> 0 | J19: =I19+(I19*'Budget Parameters BCC'!$C$23) -> 0 | K19: up to 16h per CRA
A20: 3b | B20: Study Initiation Visit | C20: hours | D20: =(IF('Study Parameters BCC'!C20="yes",8,IF('Study Parameters BCC'!C21="yes",20,16)))*'Study Parameters BCC'!C19 -> 0 | E20: CRA | F20: =VLOOKUP(E20,'Budget Parameters BCC'!$A$7:$B$19,2,FALSE) -> 52 | G20: =F20*'Budget Parameters BCC'!$C$25 -> 56.2848 | H20: =D20*G20 -> 0 | I20: =H20+(H20*'Budget Parameters BCC'!$C$22) -> 0 | J20: =I20+(I20*'Budget Parameters BCC'!$C$23) -> 0 | K20: 8h - 20h per visit
A21: 3c | B21: Study Monitoring Visits | C21: hours | D21: =(IF('Study Parameters BCC'!C20="yes",12,IF('Study Parameters BCC'!C21="yes",20,16)))*'Study Parameters BCC'!C19*'Study Parameters BCC'!D34 -> 0 | E21: CRA | F21: =VLOOKUP(E21,'Budget Parameters BCC'!$A$7:$B$19,2,FALSE) -> 52 | G21: =F21*'Budget Parameters BCC'!$C$25 -> 56.2848 | H21: =D21*G21 -> 0 | I21: =H21+(H21*'Budget Parameters BCC'!$C$22) -> 0 | J21: =I21+(I21*'Budget Parameters BCC'!$C$23) -> 0 | K21: 12h - 20h per visit
A22: 3d | B22: Closure Visit | C22: hours | D22: =(IF('Study Parameters BCC'!C20="yes",8,IF('Study Parameters BCC'!C21="yes",20,16)))*'Study Parameters BCC'!C19 -> 0 | E22: CRA | F22: =VLOOKUP(E22,'Budget Parameters BCC'!$A$7:$B$19,2,FALSE) -> 52 | G22: =F22*'Budget Parameters BCC'!$C$25 -> 56.2848 | H22: =D22*G22 -> 0 | I22: =H22+(H22*'Budget Parameters BCC'!$C$22) -> 0 | J22: =I22+(I22*'Budget Parameters BCC'!$C$23) -> 0 | K22: 8h - 16h per visit
A23: 3e | B23: Off-site monitoring and site contacts | C23: hours | D23: =3*'Study Parameters BCC'!C19*'Study Parameters BCC'!D35 -> 0 | E23: CRA | F23: =VLOOKUP(E23,'Budget Parameters BCC'!$A$7:$B$19,2,FALSE) -> 52 | G23: =F23*'Budget Parameters BCC'!$C$25 -> 56.2848 | H23: =D23*G23 -> 0 | I23: =H23+(H23*'Budget Parameters BCC'!$C$22) -> 0 | J23: =I23+(I23*'Budget Parameters BCC'!$C$23) -> 0 | K23: e.g. 3h per contact per site - but will depend on risk assessment, number of participants, number of data points - to be adapted in formula depending on study can be performed by data manager or CRA
A24: 3f | B24: Transportation fee | D24: =('Study Parameters BCC'!D34+2)*'Study Parameters BCC'!C19 -> 0 | E24: FX | F24: ='Budget Parameters BCC'!B30 -> 68 | G24: =F24*'Budget Parameters BCC'!$C$25 -> 73.6032 | H24: =D24*G24 -> 0 | I24: =H24 -> 0 | J24: =I24 -> 0 | K24: fixed amount per monitoring visit margin included, no overhead on this
A25: SUM | H25: =SUM(H19:H24) -> 0 | I25: =SUM(I19:I24) -> 0 | J25: =SUM(J19:J24) -> 0
A26: 4 | B26: TMF Handling & Administration | K26: adjust according to agreed delegation with sponsor
B27: budget received from international sponsor for this section | J27: 0
A28: 4a | B28: TMF Preparation at start | E28: FX | F28: 1000 | G28: =F28*'Budget Parameters BCC'!$C$25 -> 1082.4 | H28: =G28 -> 1082.4 | I28: =H28 -> 1082.4 | J28: =I28+(I28*'Budget Parameters BCC'!$C$23) -> 1266.408 | K28: if not taken care of int'l, up to 1082,40 €
A29: 4b | B29: Investigator Study File at start | C29: hours | D29: =4*'Study Parameters BCC'!C19 -> 0 | E29: CTA | F29: =VLOOKUP(E29,'Budget Parameters BCC'!$A$7:$B$19,2,FALSE) -> 36.4 | G29: =F29*'Budget Parameters BCC'!$C$25 -> 39.39936 | H29: =G29*D29 -> 0 | I29: =H29+(H29*'Budget Parameters BCC'!$C$22) -> 0 | J29: =I29+(I29*'Budget Parameters BCC'!$C$23) -> 0 | K29: typically 4h per file
A30: 4c | B30: Shipment and Distribution Services | C30: hours | E30: CTA | F30: =VLOOKUP(E30,'Budget Parameters BCC'!$A$7:$B$19,2,FALSE) -> 36.4 | G30: =F30*'Budget Parameters BCC'!$C$25 -> 39.39936 | H30: =G30*D30 -> 0 | I30: =H30+(H30*'Budget Parameters BCC'!$C$22) -> 0 | J30: =I30+(I30*'Budget Parameters BCC'!$C$23) -> 0 | K30: only occasionally applicable
A31: 4d | B31: Administration and Documentation during trial | C31: hours | D31: =8*'Study Parameters BCC'!C19*'Study Parameters BCC'!D32 -> 0 | E31: CTA | F31: =VLOOKUP(E31,'Budget Parameters BCC'!$A$7:$B$19,2,FALSE) -> 36.4 | G31: =F31*'Budget Parameters BCC'!$C$25 -> 39.39936 | H31: =G31*D31 -> 0 | I31: =H31+(H31*'Budget Parameters BCC'!$C$22) -> 0 | J31: =I31+(I31*'Budget Parameters BCC'!$C$23) -> 0 | K31: up to 8h per site per year
A32: 4e | B32: Site payment calculation | C32: payments | D32: =2*'Study Parameters BCC'!$C$19*'Study Parameters BCC'!$D$32 -> 0 | E32: FX | F32: =IF('Study Parameters BCC'!C21="yes",156,104) -> 104 | G32: =F32*'Budget Parameters BCC'!$C$25 -> 112.5696 | H32: =G32*D32 -> 0 | I32: =H32+(H32*'Budget Parameters BCC'!$C$22) -> 0 | J32: =I32+(I32*'Budget Parameters BCC'!$C$23) -> 0 | K32: per payment checked by CRA, confirmed by PM, assuming 2 payments/yr
A33: 4f | B33: Administration of Site Payments | C33: hours | D33: =2*'Study Parameters BCC'!$C$19*'Study Parameters BCC'!$D$32 -> 0 | E33: CTA | F33: =VLOOKUP(E33,'Budget Parameters BCC'!$A$7:$B$19,2,FALSE) -> 36.4 | G33: =F33*'Budget Parameters BCC'!$C$25 -> 39.39936 | H33: =G33*D33 -> 0 | I33: =H33+(H33*'Budget Parameters BCC'!$C$22) -> 0 | J33: =I33+(I33*'Budget Parameters BCC'!$C$23) -> 0 | K33: 1h per site per payment, assuming 2 payments/yr if not taken care of by KCE
A34: 4g | B34: Archiving | C34: fixed | D34: =2*'Study Parameters BCC'!C19 -> 0 | E34: NA | F34: ='Budget Parameters BCC'!B29 -> 260 | G34: =F34*'Budget Parameters BCC'!$C$25 -> 281.424 | H34: =G34*D34 -> 0 | I34: =H34+(H34*'Budget Parameters BCC'!$C$22) -> 0 | J34: =I34+(I34*'Budget Parameters BCC'!$C$23) -> 0 | K34: per box, assuming 2 boxes per site per study
A35: SUM | H35: =SUM(H28:H34) -> 1082.4 | I35: =SUM(I28:I34) -> 1082.4 | J35: =I35+(I35*'Budget Parameters BCC'!$C$23) -> 1266.408
A36: 5 | B36: Safety | K36: adjust according to agreed delegation with sponsor
B37: budget received from international sponsor for this section | J37: 0
A38: 5a | B38: Follow-up of and reporting of reportable Serious Adverse Events | D38: ='Study Parameters BCC'!D38 -> 0 | E38: FX | F38: 200 | G38: =F38*'Budget Parameters BCC'!$C$25 -> 216.48 | H38: =G38*D38 -> 0 | I38: =H38 -> 0 | J38: =I38+(I38*'Budget Parameters BCC'!$C$23) -> 0 | K38: typically 4h per SAE all-in
A39: SUM | H39: =SUM(H38:H38) -> 0 | I39: =SUM(I38:I38) -> 0 | J39: =SUM(J38:J38) -> 0
A40: 6 | B40: Data Management | K40: should be taken care of by sponsor
B41: budget received from international sponsor for this section | J41: 0
A42: SUM | H42: 0 | I42: =H42 -> 0 | J42: =SUM(J37:J41) -> 0
A43: 7 | B43: Statistics, report and publication | K43: should be taken care of by sponsor
B44: budget received from international sponsor for this section | J44: 0
A45: 7a | B45: Review of publication | C45: hours | D45: 1 | E45: FX | F45: 4160 | G45: =F45*'Budget Parameters BCC'!$C$25 -> 4502.784 | H45: =G45*D45 -> 4502.784 | I45: =H45 -> 4502.784 | J45: =I45+(I45*'Budget Parameters BCC'!$C$23) -> 5268.2573
A46: SUM | H46: =SUM(H45) -> 4502.784 | I46: =SUM(I45) -> 4502.784 | J46: =SUM(J45) -> 5268.2573
A47: 8 | B47: Project Management
B48: budget received from international sponsor for this section | J48: 0
A49: 8a | B49: Project Management (not included in the above headings) | C49: hours | D49: ='Study Parameters BCC'!D30*1605.2/12*(0.1+'Study Parameters BCC'!C19*0.0125) -> 0 | E49: PM | F49: =VLOOKUP(E49,'Budget Parameters BCC'!$A$7:$B$19,2,FALSE) -> 52 | G49: =F49*'Budget Parameters BCC'!$C$25 -> 56.2848 | H49: =G49*D49 -> 0 | I49: =H49+(H49*'Budget Parameters BCC'!$C$22) -> 0 | J49: =I49+(I49*'Budget Parameters BCC'!$C$23) -> 0 | K49: For the calculation see budget parameters, How to calculate PM time
A50: 8b | B50: Liaison KCE and Project Status Reports | C50: hours | D50: ='Study Parameters BCC'!D30 -> 0 | E50: FX | F50: 260 | G50: =F50*'Budget Parameters BCC'!$C$25 -> 281.424 | H50: =G50*D50 -> 0 | I50: =H50 -> 0 | J50: =I50+(I50*'Budget Parameters BCC'!$C$23) -> 0 | K50: monthly update meetings
A51: 8c | B51: Investigator Meeting(s), initial meeting includes time from PM, CI, STAT, CRA, CTA, other | D51: 1 | E51: FX | F51: 2080 | G51: =F51*'Budget Parameters BCC'!$C$25 -> 2251.392 | H51: =G51 -> 2251.392 | I51: =H51 -> 2251.392 | J51: =I51+(I51*'Budget Parameters BCC'!$C$23) -> 2634.1286
A52: 8d | B52: Investigator Meeting(s), results | D52: 1 | E52: FX | F52: 2080 | G52: =F52*'Budget Parameters BCC'!$C$25 -> 2251.392 | H52: =G52 -> 2251.392 | I52: =H52 -> 2251.392 | J52: =I52+(I52*'Budget Parameters BCC'!$C$23) -> 2634.1286
A53: 8e | B53: Study Team Meeting/Trial Management Group Meeting, included time from PM, CRA, CTA, CI | D53: ='Study Parameters BCC'!D33*2 -> 0 | E53: FX | F53: 260 | G53: =F53*'Budget Parameters BCC'!$C$25 -> 281.424 | H53: =G53*D53 -> 0 | I53: =H53 -> 0 | J53: =I53+(I53*'Budget Parameters BCC'!$C$23) -> 0 | K53: 2-weekly meetings during recruitment period
A54: 8f | B54: Study Team Meeting/Trial Management Group Meeting, included time from PM, CRA, CTA, CI | D54: =('Study Parameters BCC'!D30-'Study Parameters BCC'!D33) -> 0 | E54: FX | F54: 260 | G54: =F54*'Budget Parameters BCC'!$C$25 -> 281.424 | H54: =G54*D54 -> 0 | I54: =H54 -> 0 | J54: =I54+(I54*'Budget Parameters BCC'!$C$23) -> 0 | K54: monthly meetings during FU period
A55: SUM | H55: =SUM(H49:H54) -> 4502.784 | I55: =SUM(I49:I54) -> 4502.784 | J55: =SUM(J49:J54) -> 5268.2573
A56: 9 | B56: IMP/Intervention Handling | K56: adjust according to agreed delegation with sponsor
B57: budget received from international sponsor for this section | J57: 0
A58: 9a | B58: IMP or intervention Accountability | C58: hours | E58: Pharm | F58: =VLOOKUP(E58,'Budget Parameters BCC'!$A$7:$B$19,2,FALSE) -> 62.4 | G58: =F58*'Budget Parameters BCC'!$C$25 -> 67.54176 | H58: =D58*G58 -> 0 | I58: =H58+(H58*'Budget Parameters BCC'!$C$22) -> 0 | J58: =I58+(I58*'Budget Parameters BCC'!$C$23) -> 0
A59: 9b | B59: Sourcing of IMP/comparator/placebo/device (incl import license if appl) | C59: units | E59: EXT | H59: =D59*G59 -> 0 | I59: =H59+(H59*'Budget Parameters BCC'!$C$22) -> 0 | J59: =I59+(I59*'Budget Parameters BCC'!$C$23) -> 0
A60: 9c | B60: Storage & distribution | C60: hours | E60: EXT | H60: =D60*G60 -> 0 | I60: =H60 -> 0 | J60: =H60 -> 0
A61: 9d | B61: Packaging, blinding, labelling | C61: hours | E61: EXT | H61: =D61*G61 -> 0 | I61: =H61 -> 0 | J61: =H61 -> 0
A62: 9e | B62: IMP destruction & recovery unused products | C62: hours | E62: EXT | H62: =D62*G62 -> 0 | I62: =H62 -> 0 | J62: =H62 -> 0
A63: 9f | B63: VAT on IMP/Intervention if applicable | E63: % | F63: ='Budget Parameters BCC'!C24 -> 0.21 | G63: ='Budget Parameters BCC'!C24 -> 0.21 | J63: =SUM(J58:J62)*G63 -> 0 | K63: only include if VAT is not deductible for your institution - otherwise delete this line
A64: SUM | H64: =SUM(H58:H62) -> 0 | I64: =SUM(I58:I62) -> 0 | J64: =SUM(J58:J63) -> 0
A65: 10 | B65: Site Costs | K65: adjust according to agreed delegation with sponsor
B66: budget received from international sponsor for this section | J66: 0
A67: 10a | B67: Site costs as detailed in the tab "site costs BCC" | C67: once | D67: ='Study Parameters BCC'!C19 -> 0 | E67: TAB | F67: ='Site Costs BCC'!B27 -> 0 | G67: ='Site Costs BCC'!B27 -> 0 | H67: =G67 -> 0 | I67: =G67 -> 0 | J67: =G67 -> 0
A68: 10b | B68: VAT on site costs | E68: % | F68: ='Budget Parameters BCC'!C24 -> 0.21 | G68: ='Budget Parameters BCC'!C24 -> 0.21 | J68: =SUM(J67:J67)*G68 -> 0 | K68: only include if VAT is not deductible for your institution - otherwise delete this line
A69: SUM | H69: =SUM(H67:H67) -> 0 | I69: =SUM(I67:I67) -> 0 | J69: =SUM(J67:J68) -> 0
A70: 11 | B70: External vendors/contractors/central review
B71: budget received from international sponsor for this section | J71: 0
A72: 11a | B72: Study specific equipment | C72: unit | I72: =H72 -> 0 | J72: =H72 -> 0
A73: 11b | B73: External vendor | C73: hours/unit | I73: =H73 -> 0 | J73: =H73 -> 0
A74: 11c | B74: External Review | C74: unit | I74: =H74 -> 0 | J74: =H74 -> 0
A75: 11d | B75: VAT on external services | E75: % | F75: ='Budget Parameters BCC'!C24 -> 0.21 | G75: ='Budget Parameters BCC'!C24 -> 0.21 | J75: =SUM(J71:J73)*G75 -> 0 | K75: only include if VAT is not deductible for your institution - otherwise delete this line
A76: 11e | B76: Patient vouchers (between 15€ and 25€ per visit) | E76: FX | H76: =F76*D76 -> 0 | J76: =SUM(J72:J74)*F76 -> 0 | K76: indicate the number of non standard of care visits and compensation for expenses
A77: SUM | H77: =SUM(H72:H74) -> 0 | I77: =SUM(I72:I74) -> 0 | J77: =SUM(J72:J76) -> 0
A78: 12 | B78: Patient and Public Involvement
A79: 12a | B79: Patient involvement in study project design and set-up | C79: mtg | D79: 1 | E79: FX | F79: 2080 | G79: 2251.392 | H79: =G79*D79 -> 2251.392 | I79: =H79 -> 2251.392 | J79: 2634.1286
A80: 12b | B80: Other activities for patient involvment (if applicable) | C80: oth
H81: =SUM(H79:H80) -> 2251.392 | I81: =SUM(I79:I80) -> 2251.392 | J81: =SUM(J79:J80) -> 2634.1286
A83: Overall Cost total | H83: =SUM(H9+H16+H25+H35+H39+H46+H55+H64+H69+H77+H81) -> 22687.104 | I83: =SUM(I77,I64,I55,I42,I39,I35,I25,I16,I9,I46,I69,I81) -> 22687.104 | J83: =SUM(J77,J64,J55,J42,J39,J35,J25,J16,J9,J46,J69,J81) -> 26543.912

Sheet Site Costs BCC
A1: KCE Trial | C1: ='Study Parameters BCC'!B7 -> KCE number | H1: ='Overall Cost BCC'!K2 -> DD/MM/YYYY | J1: This is a demo; please adapt according to your protocol
A3: Per Patient Cost
A4: Procedure | B4: Budget hourly fee - FX | C4: Screening | D4: Treatment Phase | G4: Study Treat discontinuation/ Early Termination Visit | H4: FU Phase
D5: V1 | E5: V2 | F5: V…
A6: Study specific time (not Standard of Care)
A7: Informed consent | B7: ='Budget Parameters BCC'!C17 -> 112.5696 | C7: =B7/2 -> 56.2848
A8: IMP or placebo dispensing if applicable | B8: ='Budget Parameters BCC'!F48 -> 17.3184
A9: Physician time | B9: ='Budget Parameters BCC'!C17 -> 112.5696 | C9: =B9*0.5 -> 56.2848 | D9: =15/60*$B$9 -> 28.1424 | E9: =15/60*$B$9 -> 28.1424 | F9: =15/60*$B$9 -> 28.1424 | G9: =15/60*$B$9 -> 28.1424 | H9: =15/60*$B$9 -> 28.1424
A10: Study Coordinator time (data entry) | B10: ='Budget Parameters BCC'!C15 -> 50.19 | C10: =2.5*B10 -> 125.475 | D10: =2*$B$10 -> 100.38 | E10: =2*$B$10 -> 100.38 | F10: =2*$B$10 -> 100.38 | G10: =2*$B$10 -> 100.38 | H10: =2*$B$10 -> 100.38
A12: Total | C12: =SUM(C7:C11) -> 238.0446 | D12: =SUM(D7:D11) -> 128.5224 | E12: =SUM(E7:E11) -> 128.5224 | F12: =SUM(F7:F11) -> 128.5224 | G12: =SUM(G7:G11) -> 128.5224 | H12: =SUM(H7:H11) -> 128.5224
A13: Margin | C13: ='Budget Parameters BCC'!$C$22*'Site Costs BCC'!C12 -> 23.80446 | D13: ='Budget Parameters BCC'!$C$22*'Site Costs BCC'!D12 -> 12.85224 | E13: ='Budget Parameters BCC'!$C$22*'Site Costs BCC'!E12 -> 12.85224 | F13: ='Budget Parameters BCC'!$C$22*'Site Costs BCC'!F12 -> 12.85224 | G13: ='Budget Parameters BCC'!$C$22*'Site Costs BCC'!G12 -> 12.85224 | H13: ='Budget Parameters BCC'!$C$22*'Site Costs BCC'!H12 -> 12.85224
A14: Grand Total | C14: =SUM(C12:C13) -> 261.84906 | D14: =SUM(D12:D13) -> 141.37464 | E14: =SUM(E12:E13) -> 141.37464 | F14: =SUM(F12:F13) -> 141.37464 | G14: =SUM(G12:G13) -> 141.37464 | H14: =SUM(H12:H13) -> 141.37464
A15: Cost per completed patient | B15: =SUM(C14+D14+E14+F14+H14) -> 827.34762
A16: Overhead Hospital | B16: ='Budget Parameters BCC'!C23 -> 0.17
A17: Total cost per patient | B17: =B15*(1+B16) -> 967.99672
A18: Total cost for all patients | B18: ='Study Parameters BCC'!C14*'Site Costs BCC'!B17 -> 0
A19: General Site Costs
A20: Number of sites | B20: ='Study Parameters BCC'!B19 -> 0
A21: start-up fee | B21: ='Budget Parameters BCC'!C28 -> 1125.696
A22: Archiving | B22: ='Budget Parameters BCC'!C29 -> 281.424
A24: Total general site costs/site | B24: =SUM(B21:B22)*B16+SUM(B21:B22) -> 1646.3304
A25: For all sites | B25: =B24*B20 -> 0
A27: Total cost (patients and general) | B27: =B25+B18 -> 0

Sheet info versions
A1: 2.2 version - corrected the number of contracts with -1 - corrected the number of non-leading sites with -1 - added fee for transportation for monitoring visits (margin already included, OH does not apply) - included a calculation for project management, pharmacy costs and lab costs in the tab budget parameters - added archiving cost for site - removed catering fee - added costs for review of publication
A2: 3.0 version created for the publication on the website (call 2019)
A3: 3.1 - VAT lines added for section 11, 12 and 13
A4: 5.0 - adapted according to changes made in the budget tool national call - integrated monitoring plan and risk assesmment plan in the set-up costs
A5: 5.1
A6: - alligned with the budget tool 6.1 - indexed for most recent index 01/06/2022 - added PPI to the BCC costs
